Map: Equilibrium LE

Players

Subwayeatn - Winner!

  • Race: Zerg Zerg
  • League: Platinum
  • Spawn Location: 1:00

SpaceMusic

  • Race: Terran Terran
  • League: Platinum
  • Spawn Location: 11:00

VOD

Have the link to the VOD?

Description

Time

  • Played on: Nov. 11, 2023, 1:30 p.m.
  • Length: 10:38
Show
View Real Time Build Order
Export as new Build Order

Subwayeatn Zerg - Winner!

Build Orders: Pool First 

Get SALT Encoding   

  12  0:00  Drone  
  13  0:09  Drone  
  13  0:12  Extractor  
  13  0:30  Spawning Pool  
  12  0:57  Hatchery  
  11  1:17  Queen  
  13  1:27  Metabolic Boost  
  13  1:35  Overlord  
  13  1:39  Zergling x2  
  14  1:54  Zergling x4  
  16  1:57  Zergling x2  
  17  2:13  Queen  
  19  2:19  Zergling x2  
  19  2:20  Zergling x2  
  21  2:30  Zergling x4  
  21  2:31  Zergling x2  
  24  2:39  Zergling x2  
  24  2:43  Zergling x2  
  26  2:44  Zergling x2  
  27  3:04  Overlord  
  27  3:17  Overlord  
  27  3:22  Drone  
  27  3:23  Drone x3  
  27  3:26  Drone  
  32  3:39  Drone  
  32  3:40  Drone x2  
  35  3:46  Drone  
  35  3:47  Drone  
  37  3:59  Drone x2  
  37  4:00  Drone x2  
  41  4:07  Overlord  
  41  4:10  Overlord  
  41  4:17  Queen  
  43  4:24  Queen  
  45  4:34  Drone x3  
  45  4:35  Drone x2  
  50  4:40  Overlord  
  50  4:50  Drone x5  
  50  4:51  Drone  
  56  4:53  Drone  
  57  5:06  Queen  
  57  5:09  Extractor  
  57  5:10  Extractor  
  57  5:13  Drone x2  
  59  5:15  Drone  
  59  5:17  Drone  
  61  5:22  Drone x3, Hatchery  
  62  5:34  Spore Crawler  
  61  5:37  Spore Crawler  
  61  5:40  Spore Crawler  
  61  5:41  Drone  
  61  5:42  Drone, Spore Crawler  
  60  5:43  Drone x4  
  60  5:44  Drone  
  60  5:47  Extractor  
  64  5:57  Drone x2  
  66  6:00  Lair, Spore Crawler  
  66  6:01  Spore Crawler  
  64  6:17  Queen  
  66  6:22  Drone  
  66  6:25  Spore Crawler  
  66  6:26  Overlord x4  
  66  6:31  Zergling x2  
  67  6:38  Baneling Nest  
  66  6:44  Drone x2  
  66  6:47  Drone x6, Evolution Chamber  
  67  6:48  Evolution Chamber  
  71  7:03  Queen, Spore Crawler  
  72  7:14  Spore Crawler  
  71  7:15  Spore Crawler  
  71  7:21  Overlord  
  71  7:22  Overlord  
  70  7:28  Overseer  
  70  7:43  Centrifugal Hooks  
  70  7:45  Zergling x2  
  70  7:46  Zergling x24  
  83  7:56  Zergling x2  
  84  7:59  Baneling x11  
  84  8:00  Baneling x11  
  84  8:03  Zerg Melee Weapons Level 1  
  84  8:08  Drone x2  
  84  8:10  Hydralisk Den  
  84  8:11  Drone x2  
  87  8:15  Drone x4  
  91  8:28  Zergling x2  
  91  8:29  Zergling x8  
  91  8:31  Baneling  
  91  8:32  Baneling x6  
  96  8:36  Zerg Missile Weapons Level 1  
  96  8:39  Overlord  
  95  8:41  Overlord  
  95  8:48  Grooved Spines  
  95  8:51  Overseer  
  95  8:57  Hatchery  
  95  8:58  Unknown  
  93  9:03  Zergling x2  
  93  9:05  Overlord  
  93  9:06  Overlord  
  93  9:08  Hydralisk x4  
  102  9:26  Hydralisk x4  
  102  9:27  Hydralisk  
  107  9:40  Zergling x12  
  107  9:41  Zergling x6  
  115  9:47  Hydralisk x3  
  115  9:50  Queen  
Show
View Real Time Build Order
Export as new Build Order

SpaceMusic Terran 

Build Orders:  

Get SALT Encoding   

  12  0:01  SCV  
  13  0:14  SCV  
  14  0:21  Supply Depot  
  14  0:26  SCV  
  15  0:29  Refinery  
  15  0:44  Barracks  
  15  0:48  SCV  
  16  1:00  SCV  
  17  1:13  Barracks  
  17  1:18  SCV  
  18  1:21  Supply Depot  
  18  1:30  SCV  
  18  1:32  Reaper  
  20  1:43  Refinery  
  20  1:44  SCV  
  21  1:56  Factory  
  21  2:01  Orbital Command  
  21  2:09  Reaper  
  22  2:21  Reaper  
  23  2:30  SCV  
  22  2:58  Hellion  
  24  3:00  SCV  
  24  3:04  Marine x2  
  27  3:16  Command Center  
  27  3:22  Marine  
  28  3:31  Engineering Bay  
  28  3:33  Factory Tech Lab  
  28  3:34  Barracks  
  28  3:35  Starport  
  28  3:38  Marine  
  29  3:51  SCV  
  30  4:00  Marine  
  31  4:09  Supply Depot  
  31  4:27  Siege Tank, Liberator  
  31  4:29  Supply Depot  
  37  4:35  Orbital Command  
  37  4:38  SCV  
  38  4:58  Marine x2  
  38  4:59  Barracks Tech Lab  
  40  5:01  Supply Depot  
  40  5:06  Starport  
  40  5:16  Marine x2  
  40  5:18  Starport Tech Lab  
  40  5:21  Siege Tank  
  45  5:33  Marine  
  45  5:35  Combat Shield  
  46  5:38  Banshee  
  46  5:41  Cloaking Field  
  49  5:44  Starport Tech Lab  
  49  5:50  Marine x2  
  49  5:53  Siege Tank  
  49  5:54  SCV  
  55  6:12  Banshee  
  55  6:14  Barracks Tech Lab  
  55  6:15  Barracks Tech Lab  
  58  6:20  SCV x2  
  60  6:28  Supply Depot  
  60  6:30  Hyperflight Rotors  
  60  6:32  SCV x2  
  62  6:35  Refinery  
  62  6:44  SCV x2  
  64  6:47  Banshee  
  67  6:56  SCV x2  
  67  6:58  Refinery  
  67  7:01  Supply Depot  
  69  7:04  Marauder  
  69  7:05  Marauder  
  69  7:07  Marauder  
  75  7:08  SCV x2  
  71  7:53  Fusion Core  
  71  7:59  Marauder x3  
  71  8:00  SCV x2  
  71  8:02  Barracks x2  
  71  8:04  Siege Tank  
  82  8:12  SCV x2  
  84  8:36  Marauder  
  84  8:38  Concussive Shells  
  86  9:13  Barracks Tech Lab  
  86  9:14  Barracks Tech Lab  
  86  9:17  Barracks Reactor  
  86  9:36  Command Center  
  86  9:37  Siege Tank  
  86  9:38  Marauder x2, Supply Depot  
  93  9:39  Supply Depot x2  
  93  9:41  Supply Depot  
  93  9:42  Supply Depot  
  93  9:43  SCV  
  93  9:44  Command Center  
  94  9:46  Supply Depot  
  94  9:47  Supply Depot  
  94  10:00  Marauder x3, Raven  
  94  10:01  Marauder, SCV x2  
Tags
 
Add a new tag
Caveats
  • Supply blocks, unpowered buildings, or Contaminate may cause inaccurate times.
  • Supply counts are checked every 10 seconds.